 Dungeon Crawl Stone Soup version 0.27.1-34-g3ba077fa99 (webtiles) character file.

Game seed: 4576779068575907954

3510 ticklebelly the Fighter (level 9, -11/82 HPs)
             Began as a Minotaur Berserker on Jan 1, 2022.
             Was a Priest of Trog.
             Mangled by a hornet (12 damage)
             ... on level 9 of the Dungeon.
             The game lasted 00:33:15 (7519 turns).

ticklebelly the Fighter (Minotaur Berserker)        Turns: 7519, Time: 00:33:15

Health: -11/82     AC: 12    Str: 29    XL:     9   Next: 81%
Magic:  8/8        EV:  8    Int:  5    God:    Trog [***...]
Gold:   378        SH: 11    Dex: 11    Spells: 8/8 levels left

rFire    . . .     SeeInvis .   t - +0 war axe
rCold    . . .     Faith    .   n - +0 kite shield
rNeg     . . .     Spirit   .   r - +0 plate armour
rPois    .         Reflect  .   (helmet restricted)
rElec    .         Harm     .   (no cloak)
rCorr    .         Rampage  .   (no gloves)
Will     .....                  (no boots)
Stlth    ..........             (no amulet)
HPRegen  0.23/turn              e - +6 ring of strength
MPRegen  0.11/turn              (no ring)

@: lethally poisoned (-11 -> -14)
A: horns 2, retaliatory headbutt
a: Renounce Religion, Berserk, Trog's Hand


You were on level 9 of the Dungeon.
You worshipped Trog.
Trog was most pleased with you.
You visited 2 branches of the dungeon, and saw 10 of its levels.

You collected 378 gold pieces.

Inventory:

Hand Weapons
 t - a +0 war axe (weapon)
 y - a +2 flail of protection
Missiles
 q - 4 silver boomerangs
 x - 7 boomerangs (quivered)
Armour
 n - a +0 kite shield (worn)
 r - a +0 plate armour (worn)
 D - a +0 tower shield
Jewellery
 e - a +6 ring of strength (left hand)
Wands
 k - a wand of iceblast (6)
 v - a wand of digging (6)
 w - a wand of acid (16)
Scrolls
 a - 2 scrolls of teleportation {unknown}
 f - 9 scrolls of identify {unknown}
 g - 2 scrolls of holy word {unknown}
 i - a scroll of immolation {unknown}
 l - a scroll of noise {unknown}
 m - a scroll of acquirement {unknown}
 u - a scroll of fog {unknown}
 z - a scroll of vulnerability {unknown}
 A - a scroll of magic mapping {unknown}
 C - a scroll of enchant armour {unknown}
Potions
 b - a potion of might {unknown}
 c - 2 potions of heal wounds {unknown}
 d - 3 potions of lignification {unknown}
 h - 6 potions of curing {unknown}
 j - 2 potions of flight {unknown}
 o - a potion of cancellation {unknown}
 p - a potion of haste {unknown}
 s - 3 potions of degeneration {unknown}
 B - a potion of mutation {unknown}


   Skills:
 + Level 8.8 Fighting
 + Level 8.8 Axes
 + Level 6.5 Armour
 + Level 6.1 Dodging
 - Level 7.2 Shields
 + Level 3.4 Evocations


You had 8 spell levels left.
You didn't know any spells.
Your spell library was empty.

Dungeon Overview and Level Annotations

Branches:
Dungeon (9/15)             Temple (1/1) D:5
   Lair: D:8-11         Orc: D:9-12

Altars:
Ashenzari
Fedhas
Makhleb
Okawaru
Xom


Innate Abilities, Weirdness & Mutations

You have a pair of horns on your head.
You reflexively headbutt those who attack you in melee.


Message History

You feel yourself slow down. You block the hornet's attack.
The hornet stings you but does no damage.
You completely miss the hornet.
You feel very sick. You block the hornet's attack.
The hornet stings you but does no damage.
You closely miss the hornet.
You feel yourself speed up.
You feel very sick. You block the hornet's attack. The hornet stings you.
You feel yourself slow down. You block the hornet's attack.
You closely miss the hornet.
You headbutt the hornet, but do no damage.
You feel sick. The hornet stings you.
You feel as though you will be slow longer.
The hornet stings you.
You are more poisoned.
You feel as though you will be slow longer.
The hornet closely misses you.
You closely miss the hornet.
You feel very sick. The hornet stings you!
* * * LOW HITPOINT WARNING * * *
You suddenly lose the ability to move!
The hornet barely misses you.
* * * LOW HITPOINT WARNING * * *
You feel sick. The hornet stings you.
* * * LOW HITPOINT WARNING * * *
You feel as though you will be slow longer.
The hornet stings you but does no damage.
* * * LOW HITPOINT WARNING * * *
You feel sick. The hornet barely misses you.
You can move again.
Your shield and plate armour prevent you from hitting the hornet.
You headbutt the hornet!
The hornet is moderately wounded.
You feel yourself speed up.
* * * LOW HITPOINT WARNING * * *
You feel very sick. The hornet stings you!
You die...

####### #.....#
#.....# #.....#
#.....# ....[##
#y..(.# #@....#
##.....# #......#
# ##.##.#.##
...#####.........
#....#..#..#.###
#....<.......#
#.##.#.....#.#
#.#.##.## #


You could see a hornet.

Vanquished Creatures
  5 yaks (D:8)
  2 orc warriors
  3 sky beasts
  A black bear (D:5)
  2 necrophages (D:6)
  4 ice beasts
  An ogre (D:6)
  2 centaurs
  2 kobold brigands
  A bullfrog (D:8)
  2 wyvern zombies
  6 scorpions
  A howler monkey (D:8)
  A centaur zombie (D:7)
  2 hounds
  2 orc priests
  2 bullfrog skeletons (D:6)
  A bullfrog zombie (D:5)
  4 iguanas
  4 orc wizards
  A hound zombie (D:5)
  A hound skeleton (D:4)
  9 adders
  4 gnolls
  A white imp (D:7)
  2 ufetubi
  2 worms (D:2)
  30 orcs
  4 bats
  5 endoplasms
  2 giant cockroaches
  4 hobgoblins
  A quokka (D:4)
  5 ball pythons
  4 frilled lizards
  4 goblins
  18 kobolds
  3 rats
148 creatures vanquished.

Notes
Turn   | Place    | Note
-------+----------+-------------------------------------------
     0 | D:1      | ticklebelly the Minotaur Berserker began the quest for the
                  | Orb.
     0 | D:1      | Reached XP level 1. HP: 19/19 MP: 0/0
    37 | D:1      | Found a faded altar of an unknown god.
    75 | D:1      | Reached XP level 2. HP: 24/27 MP: 1/1
   731 | D:2      | Reached XP level 3. HP: 28/34 MP: 2/2
   932 | D:2      | Found a burning altar of Makhleb.
  1342 | D:3      | Reached XP level 4. HP: 41/41 MP: 3/3
  1443 | D:3      | Reached skill level 5 in Fighting
  1445 | D:3      | Reached skill level 5 in Axes
  1748 | D:3      | Reached ** piety under Trog
  1832 | D:3      | Found an iron altar of Okawaru.
  2001 | D:4      | Reached skill level 1 in Shields
  2083 | D:4      | Reached XP level 5. HP: 38/48 MP: 4/4
  2513 | D:4      | Reached XP level 6. HP: 45/57 MP: 5/5
  2685 | D:4      | Noticed an orc warrior
  2700 | D:4      | HP: 1/57 [orc warrior (3)]
  2713 | D:3      | Killed an orc warrior
  3282 | D:5      | Entered Level 5 of the Dungeon
  3386 | D:5      | Found a staircase to the Ecumenical Temple.
  3536 | D:5      | Reached XP level 7. HP: 64/64 MP: 6/6
  4334 | D:6      | Reached skill level 1 in Evocations
  4335 | D:6      | Reached XP level 8. HP: 29/73 MP: 7/7
  4741 | D:6      | Reached skill level 5 in Shields
  4831 | D:6      | Reached *** piety under Trog
  5338 | D:6      | Reached skill level 5 in Armour
  5640 | D:7      | Reached XP level 9. HP: 76/81 MP: 8/8
  5650 | D:7      | Reached skill level 5 in Dodging
  6127 | D:7      | Found a blossoming altar of Fedhas.
  6607 | Temple   | Entered the Ecumenical Temple
  7150 | D:8      | Found a shimmering altar of Xom.
  7516 | D:9      | Paralysed by a hornet for 3 turns
  7518 | D:9      | HP: 4/82 [poisoned by a hornet]
  7519 | D:9      | HP: 1/82 [poisoned by a hornet]
  7519 | D:9      | Mangled by a hornet

Illustrated notes

Levels and vault maps discovered:
D:1:      dpeg_arrival_water_temple_mockup, layout_rooms,
          chequers_ecumenical_altar_twisty, minmay_tetromino_l2
D:2:      layout_basic, basic_altar
D:3:      layout_basic, old_standard_altar
D:4:      layout_rooms
D:5:      layout_loops_ring, temple_green
D:6:      layout_basic
D:7:      layout_loops_ring, mainiacjoe_overflow_surrounded_room
D:8:      layout_cave_pools, xom_butterflies
D:9:      layout_loops_cross, mainiacjoe_overflow_alcove_1, bloody_makhleb
Temple:   nicolae_temple_elliptical

Skill      XL: |  1  2  3  4  5  6  7  8  9 |
---------------+----------------------------+-----
Fighting       | 4 5 6 7 8 |  8.8
Axes           | 4 5 6 7 8 |  8.8
Shields        | 1 2 3 4 6 7 |  7.2
Armour         | 3 5 6 |  6.5
Dodging        | 3 4 6 |  6.1
Evocations     | 1 2 3 |  3.4

Action                   |  1- 3 |  4- 6 |  7- 9 || total
-------------------------+-------+-------+-------++-------
Melee: Hand axe          |    46 |   115 |    92 ||   253
       Headbutt          |     9 |    25 |    66 ||   100
       War axe           |       |       |   151 ||   151
Throw: Boomerang         |    19 |       |       ||    19
Invok: Berserk           |       |     1 |       ||     1
Armor: Animal skin       |     3 |       |       ||     3
       Ring mail         |     7 |    23 |       ||    30
       Plate armour      |       |    12 |   107 ||   119
Dodge: Dodged            |    32 |    31 |    56 ||   119
Block: Kite shield       |       |    68 |   131 ||   199
